 Dungeon Crawl Stone Soup version 0.19.4 (webtiles) character file.

53 juanjsm the Sneak (level 3, -5/17 HPs)
             Began as a Spriggan Enchanter on Jan 24, 2017.
             Slain by a worm (10 damage)
             ... on level 2 of the Dungeon on Feb 2, 2017.
             The game lasted 00:08:30 (1397 turns).

juanjsm the Sneak (Spriggan Enchanter)              Turns: 1397, Time: 00:08:31

Health: -5/17      AC:  3    Str:  4    XL:     3   Next: 62%
Magic:  2/8        EV: 19    Int: 17    God:
Gold:   88         SH:  0    Dex: 16    Spells: 3 memorised, 1 level left

rFire  . . .     SeeInvis +     a - +1 dagger
rCold  . . .     Gourm    .     b - +1 robe
rNeg   . . .     Faith    .     (shield restricted)
rPois  .         Spirit   .     (helmet restricted)
rElec  .         Reflect  .     (no cloak)
rCorr  .         Harm     .     (gloves unavailable)
MR     .....                    (boots unavailable)
Stlth  +++.......               (no amulet)
                                (no ring)
                                (no ring)

@: very quick
A: unfitting armour, see invisible, herbivore 3, speed 3, slow metabolism 2
a: no special abilities


You were on level 2 of the Dungeon.
You were not hungry.

You visited 1 branch of the dungeon, and saw 2 of its levels.

You collected 88 gold pieces.

Inventory:

Hand Weapons
 a - a +1 dagger (weapon)
Armour
 b - a +1 robe (worn)
Jewellery
 j - an uncursed amulet of guardian spirit
Scrolls
 e - a scroll of random uselessness {unknown}
 h - a scroll of teleportation {unknown}
 i - 2 scrolls of amnesia {unknown}
 l - a scroll of enchant armour {unknown}
 p - a scroll of blinking {unknown}
 q - 4 scrolls of identify {unknown}
Potions
 g - a potion of might {unknown}
 k - a potion of mutation {unknown}
 m - a potion of agility {unknown}
 n - a potion of ambrosia {unknown}
 o - a potion of heal wounds {unknown}
Books
 c - a book of Maledictions

   Spells                             Type                      Level
   a - Corona                         Hexes                        1
   b - Ensorcelled Hibernation        Hexes/Ice                    2
   c - Confuse                        Hexes                        3
   d - Tukima's Dance                 Hexes                        3
   e - Dazzling Spray                 Conjuration/Hexes            3
Comestibles
 d - a bread ration
 f - a slice of pizza


   Skills:
 + Level 0.7 Fighting
 + Level 2.1 Short Blades
 + Level 3.5 Dodging
 + Level 4.8 Stealth
 + Level 2.8 Spellcasting
 + Level 4.2 Hexes


You had one spell level left.
You knew the following spells:

 Your Spells              Type           Power        Failure   Level  Hunger
a - Corona                Hex            ###....      3%          1    #......
b - Ensorcelled Hibernat  Hex/Ice        #.....       14%         2    ##.....
c - Confuse               Hex            ###.....     12%         3    ###....


Dungeon Overview and Level Annotations

Branches:
Dungeon (2/15)

Altars:


Innate Abilities, Weirdness & Mutations

You are very small and have problems with some larger weapons.
You are too small for most types of armour.
You have supernaturally acute eyesight. (SInv)
You are a herbivore.
You cover ground extremely quickly.
You need consume almost no food.


Message History

You kill the hobgoblin!
Things that are here:
a club; a hobgoblin corpse The worm is too close now for your liking.
You start resting.
Your magical contamination has completely faded away.
You start resting.
You catch the helpless worm completely off-guard!
You puncture the worm!
The worm is severely wounded.
The worm bites you!
* * * LOW HITPOINT WARNING * * *
Casting: Ensorcelled Hibernation
Confirm with . or Enter, or press ? or * to list all spells.
Aiming: Ensorcelled Hibernation
Press: ? - help, Shift-Dir - straight line, f - worm
Aim: a worm (severely wounded, chance to defeat MR: 50%)
The worm resists with some effort.
The worm bites you!
Ouch! That really hurt!
You die...

#....## #.#...#
#.#.#.# #.#...#
#.##.## #.##.#
##########.##<#
#..........##w###
#.###########.@.# #.#
#.#.# #.# #.#.# ###.#
#.#.#
.##.###########.#.###
................#...#
..........#########.#
###....)....# #.#
#########.#.# #.#


You could see a worm.

Vanquished Creatures
  An adder (D:2)
  2 dart slugs (D:1)
  A leopard gecko (D:1)
  2 ball pythons (D:1)
  3 giant cockroaches
  5 goblins
  5 hobgoblins
  A quokka (D:2)
  4 bats
  2 frilled lizards (D:2)
  8 kobolds
  2 rats (D:1)
36 creatures vanquished.

Notes
Turn   | Place    | Note
-------+----------+-------------------------------------------
     0 | D:1      | juanjsm the Spriggan Enchanter began the quest for the Orb.
     0 | D:1      | Reached XP level 1. HP: 9/9 MP: 5/5
   200 | D:1      | Reached XP level 2. HP: 5/13 MP: 3/6
   204 | D:1      | Learned a level 2 spell: Ensorcelled Hibernation
   289 | D:1      | Upgraded the game from 0.19.3-1-g3169bf9 to 0.19.4
   797 | D:2      | Reached XP level 3. HP: 15/17 MP: 5/8
   802 | D:2      | Learned a level 3 spell: Confuse
  1397 | D:2      | Slain by a worm

Skill      XL: |  1  2 |
---------------+-------+-----
Hexes          | 4 |  4.2
Short Blades   | 2 |  2.1
Fighting       | |  0.7
Dodging        | |  3.5
Stealth        | |  4.8
Spellcasting   | |  2.8

Action                   || total
-------------------------++-------
Melee: Dagger            ||   145
 Cast: Corona            ||    11
       Ensorcelled Hiber ||    23
 Stab: Sleeping          ||    24
       Distracted        ||     1
Armor: Robe              ||    19
Dodge: Dodged            ||   136
